 Dungeon Crawl Stone Soup version 0.32-a0-13-gbaedc5810e (webtiles) character file.

Game seed: 10613416688435830327

13750 Hopman the Fighter (level 12, -18/113 HPs)
             Began as a Hill Orc Fighter on Jan 15, 2024.
             Was a Believer of Elyvilon.
             Demolished by a death yak (20 damage)
             ... on level 1 of the Lair of Beasts.
             The game lasted 01:02:16 (14849 turns).

Hopman the Fighter (Hill Orc Fighter)              Turns: 14849, Time: 01:02:18

Health: -18/113    AC: 16    Str: 24    XL:     12   Next: 9%
Magic:  1/6        EV:  7    Int:  8    God:    Elyvilon [**....]
Gold:   413        SH:  7    Dex: 10    Spells: 11/11 levels left

rFire   + . .        b - +0 war axe (antimagic)
rCold   . . .        c - +1 buckler
rNeg    . . .        D - +0 plate armour
rPois   .            (no helmet)
rElec   .            o - +1 cloak
rCorr   .            (no gloves)
SInv    .            (no boots)
Will    .....        (no amulet) Stlth
                     y - ring of protection from fire
HPRegen 0.38/turn    s - +4 ring of slaying
MPRegen 0.10/turn

%: no passive effects
@: mighty, hasted, very quick
A: no striking features
a: Renounce Religion, Purification, Heal Other


You were on level 1 of the Lair of Beasts.
You worshipped Elyvilon.
Elyvilon was pleased with you.
You visited 2 branches of the dungeon, and saw 12 of its levels.
You also visited: Ossuary.

You collected 568 gold pieces.
You spent 155 gold pieces at shops.

Inventory:

Hand Weapons
 a - a +2 flail of electrocution
 b - a +0 antimagic war axe (weapon)
 x - a +3 mace of freezing
Armour
 c - a +1 buckler (worn)
 e - the +0 leather armour of the Shoals {rPois Will+++ Str+3 Int-3}
   (You found it on level 6 of the Dungeon)

   Str+3:     It affects your strength (+3).
   Int-3:     It affects your intelligence (-3).
   rPois:     It protects you from poison Will+++: It greatly increases your
   willpower.
 o - a +1 cloak (worn)
 q - a +0 chain mail
 D - a +0 plate armour (worn)
Jewellery
 s - a +4 ring of slaying (right hand)
 t - a ring of fire
 y - a ring of protection from fire (left hand)
 B - a ring of ice
Talismans
 f - a blade talisman
 i - a blade talisman
Wands
 d - a wand of flame (16)
 h - a wand of acid (9)
 E - a wand of iceblast (6)
Scrolls
 m - 2 scrolls of amnesia
 r - 3 scrolls of teleportation
 u - 5 scrolls of enchant weapon
 A - a scroll of fog
Potions
 g - 3 potions of attraction
 j - a potion of curing
 l - a potion of brilliance
 n - a potion of magic {unknown}
 p - 4 potions of enlightenment
 v - a potion of ambrosia {unknown}


   Skills:
 * Level 12.6 Fighting
 + Level 9.2(11.2) Axes
 + Level 8.5(9.9) Maces & Flails
 + Level 8.7 Armour
 + Level 8.7 Shields
 + Level 8.0 Invocations
 + Level 3.1 Shapeshifting


You had 11 spell levels left.
You didn't know any spells.
Your spell library contained the following spells:

 Spells                   Type           Power      Damage    Failure   Level
 Sting                    Conj/Alch      0%         1d3       99%         1
 Lesser Beckoning         Tloc           0%         N/A       100%        2
 Mercury Vapours          Alch/Air       0%         N/A       100%        2
 Gell's Gravitas          Tloc           0%         N/A       100%        3
 Hailstorm                Conj/Ice       0%         3d5       100%        3
 Mephitic Cloud           Conj/Alch/Air  0%         N/A       100%        3
 Summon Ice Beast         Ice/Summ       0%         N/A       100%        3
 Teleport Other           Tloc           0%         N/A       100%        3
 Olgreb's Toxic Radiance  Alch           0%         N/A       100%        4
 Freezing Cloud           Conj/Ice/Air   0%         6-21      100%        5
 Sculpt Simulacrum        Ice/Alch       0%         N/A       100%        6


Dungeon Overview and Level Annotations

Branches:
Dungeon (11/15)            Temple (0/1) D:6            Lair (1/5) D:9
Ossuary (visited)
    Orc: D:9-12

Altars:
Ashenzari
Cheibriados
Dithmenos
Elyvilon
Fedhas
Gozag
Hepliaklqana
Kikubaaqudgha
Makhleb
Nemelex Xobeh
Sif Muna
Beogh

Shops:
D:7 (   D:9 =!((:*

Annotations:
D:7 3 runed translucent doors, fly's ghost, novice KoDe
D:8 exclusion: door, Gastronok


Message History

You slash the death yak! You slash the wolf!
You kill the wolf!
You slash the death yak! You slash the wolf! You hit the death yak.
You slash the death yak! You slash the wolf!
The death yak gores you but does no damage.
You block the wolf's attack. You block the death yak's attack.
The wolf bites you but does no damage. x2; The death yak gores you.
* * * LOW HITPOINT WARNING * * *
You miss the wolf.
The wolf is moderately wounded.
You hit the death yak. You slash the death yak! You slash the wolf!
You kill the wolf!
You slash the death yak! You hit the death yak but do no damage.
You slash the wolf!
You kill the wolf!
You block the wolf's attack. The death yak gores you!
* * * LOW HITPOINT WARNING * * *
The death yak barely misses you.
You miss the wolf.
The wolf is moderately wounded.
You slash the death yak! You hit the death yak. You slash the death yak! x2
The wolf bites you.
* * * LOW HITPOINT WARNING * * *
The death yak gores you! Elyvilon protects you from harm!
The death yak gores you!
* * * LOW HITPOINT WARNING * * *
Okay, then.
Okay, then.
You feel better. The death yak barely misses you. You block the wolf's attack.
The death yak gores you!
* * * LOW HITPOINT WARNING * * *
You hit the wolf.
The wolf is moderately wounded.
You slash the death yak! You hit the death yak but do no damage.
You hit the komodo dragon. You hit the death yak. You barely miss the wolf.
You hit the death yak. You block the wolf's attack.
The death yak gores you but does no damage.
The death yak gores you!!
You die...

##...........##
#.............#
#.............#
#.............#
#.............##
#..............#
###........h...#
##......YYY..#
##.....Y@...#
##....lhh..#
#..........#
#.........##
##.#.....##
#..###.### #.
... . .... ###


You could see 4 death yaks, a komodo dragon and 3 wolves.

Vanquished Creatures
  Erolcha (D:10)
  A boulder beetle (D:10)
  2 death yaks (Lair:1)
  2 two-headed ogres
  An ugly thing (D:11)
  Maurice (D:7)
  2 gargoyles (D:10)
  Maggie (D:8)
  A cane toad (D:9)
  A troll (D:6)
  A hornet (D:7)
  A wraith (D:9)
  11 yaks
  Eustachio (D:4)
  3 steam dragons
  6 water moccasins
  6 orc warriors
  An ice beast (D:7)
  2 sky beasts
  A black bear (D:4)
  3 ogres
  3 wolves (Lair:1)
  5 centaurs
  2 phantoms
  A kobold brigand (D:9)
  A weeping skull (Ossuary)
  A gnoll sergeant (D:6)
  5 bullfrogs (D:9)
  3 elf skeletons (D:7)
  7 scorpions
  4 water moccasin zombies (Ossuary)
  10 wights
  6 killer bees
  5 howler monkeys
  An electric eel (D:9)
  A jelly (D:5)
  A hound (D:5)
  9 orc priests
  2 sleepcaps
  A human skeleton (D:7)
  7 orc wizards
  2 bullfrog simulacra (Ossuary)
  A crocodile zombie (Ossuary)
  2 mummies (Ossuary)
  5 adders
  2 ufetubi (D:6)
  4 adder zombies (Ossuary)
  3 dart slugs
  2 ribbon worms (D:4)
  29 orcs
  2 endoplasms (D:3)
  A giant cockroach (D:1)
  10 gnoll zombies (Ossuary)
  11 hobgoblins
  7 jackals
  16 kobolds
  2 quokkas
  7 ball pythons
  3 bats
  2 frilled lizards (D:1)
  4 goblins
  6 jackal zombies (Ossuary)
  An orc skeleton (D:7)
  5 orc zombies
  9 rats
260 creatures vanquished.

Vanquished Creatures (others)
  An adder zombie (Ossuary)
1 creature vanquished.

Grand Total: 261 creatures vanquished

Notes
Turn   | Place    | Note
-------+----------+-------------------------------------------
     0 | D:1      | Hopman the Hill Orc Fighter began the quest for the Orb.
     0 | D:1      | Reached XP level 1. HP: 19/19 MP: 1/1
   108 | D:1      | Reached XP level 2. HP: 27/27 MP: 2/2
   418 | D:1      | Reached skill level 4 in Fighting
   433 | D:1      | Reached XP level 3. HP: 33/33 MP: 3/3
  1245 | D:2      | You fall into a shaft and drop 2 floors!
  1827 | D:3      | Found a hazy altar of Hepliaklqana.
  1852 | D:3      | Found a snail-covered altar of Cheibriados.
  1894 | D:3      | Reached XP level 4. HP: 39/40 MP: 4/4
  1915 | D:3      | Found a faded altar of an unknown god.
  2085 | D:3      | Found a blossoming altar of Fedhas.
  2089 | D:3      | Identified the +3 ring mail of Nemelex Xobeh's Envy {*Slow
                  | Int+5}
  2153 | D:3      | Found a sparkling altar of Nemelex Xobeh.
  2227 | D:3      | Found a burning altar of Makhleb.
  2293 | D:4      | Noticed a scorpion
  2386 | D:4      | Noticed Eustachio
  2680 | D:4      | Noticed a steam dragon
  2701 | D:4      | Killed a steam dragon
  2702 | D:4      | Reached skill level 5 in Fighting
  2702 | D:4      | Reached skill level 1 in Axes
  2702 | D:4      | Reached XP level 5. HP: 18/48 MP: 5/5
  2870 | D:4      | Noticed a black bear
  2902 | D:4      | Killed a black bear
  2903 | D:4      | Reached XP level 6. HP: 50/56 MP: 6/6
  2957 | D:4      | Killed Eustachio
  2958 | D:4      | Reached skill level 6 in Fighting
  2958 | D:4      | Reached XP level 7. HP: 41/63 MP: 2/7
  3101 | D:3      | Reached skill level 5 in Shields
  3606 | D:5      | Entered Level 5 of the Dungeon
  3653 | D:5      | Reached skill level 5 in Armour
  3672 | D:5      | Found a white marble altar of Elyvilon.
  3680 | D:5      | Became a worshipper of Elyvilon the Healer
  3807 | D:5      | Reached skill level 7 in Fighting
  3807 | D:5      | Reached XP level 8. HP: 73/73 MP: 8/8
  3808 | D:5      | Reached skill level 1 in Invocations
  4136 | D:5      | Reached skill level 5 in Maces & Flails
  4312 | D:5      | Found a shimmering blue altar of Sif Muna.
  4531 | D:6      | Reached * piety under Elyvilon
  4580 | D:6      | Found an opulent altar of Gozag.
  4961 | D:6      | Found a staircase to the Ecumenical Temple.
  5005 | D:6      | Reached skill level 8 in Fighting
  5008 | D:6      | Reached skill level 5 in Axes
  5010 | D:6      | Reached XP level 9. HP: 26/81 MP: 3/11
  5018 | D:6      | HP: 4/82 [poisoned by an orc]
  5020 | D:6      | HP: 1/82 [poisoned by an orc]
  5021 | D:6      | Elyvilon protects you from harm!
  5525 | D:6      | Reached ** piety under Elyvilon
  5636 | D:6      | Noticed a troll
  6166 | D:6      | Identified the +0 leather armour of the Shoals {rPois
                  | Will+++ Str+3 Int-3}
  6509 | D:6      | Killed a troll
  6510 | D:6      | Reached skill level 9 in Fighting
  6816 | D:7      | Found Inkusutt's Weapon Emporium.
  6962 | D:7      | Found a sand-covered staircase.
  6968 | Ossuary  | Entered an ossuary
  7293 | D:7      | Reached skill level 5 in Invocations
  7293 | D:7      | Reached XP level 10. HP: 82/92 MP: 13/13
  7506 | D:7      | Noticed Maurice
  7510 | D:7      | Something stole a +1 flail of electrocution
  7511 | D:7      | Something stole a ring of fire
  7517 | D:7      | Something stole 344 gold
  7562 | D:7      | HP: 2/92 [Maurice/bolt of acid (12)]
  7884 | D:7      | Killed Maurice
  8204 | D:7      | Reached skill level 10 in Fighting
  8491 | D:7      | Found a runed translucent gate.
  8491 | D:7      | Found a runed translucent gate.
  8491 | D:7      | Found a runed translucent gate.
  8494 | D:7      | Noticed fly's ghost (novice KoDe)
  8495 | D:7      | Identified the +0 chain mail of Generosity {rCorr Int+4
                  | Dex-4}
  8512 | D:7      | Found a roughly hewn altar of Beogh.
  8577 | D:7      | Reached *** piety under Elyvilon
  8887 | D:8      | Noticed Maggie
  8903 | D:8      | Killed Maggie
  9891 | D:8      | Found an ancient bone altar of Kikubaaqudgha.
  9985 | D:8      | Noticed a two-headed ogre
  9992 | D:8      | Killed a two-headed ogre
 10184 | D:8      | Noticed Gastronok
 10555 | D:8      | Reached **** piety under Elyvilon
 10573 | D:9      | Found Repniem's Antique Weapon Shoppe.
 10575 | D:9      | Found Fusuz's Self-Improvement Boutique.
 10582 | D:9      | Noticed a two-headed ogre
 10596 | D:9      | Killed a two-headed ogre
 10803 | D:9      | Reached skill level 11 in Fighting
 10977 | D:9      | Found Sedereso's Distillery.
 10980 | D:9      | Found Oqisoh's Antique Weapon Boutique.
 11050 | D:9      | Bought a potion of berserk rage for 70 gold pieces
 11068 | D:9      | Found a shadowy altar of Dithmenos.
 11076 | D:9      | Reached skill level 1 in Shapeshifting
 11103 | D:9      | Reached XP level 11. HP: 52/102 MP: 5/15
 11103 | D:9      | Found a broken altar of Ashenzari.
 11608 | D:9      | Found Gedwemu's Jewellery Shop.
 11825 | D:9      | Found a staircase to the Lair.
 12056 | D:9      | Found Aguemakir's Assorted Antiques.
 12064 | D:9      | Bought a runed gilded ring for 85 gold pieces
 12501 | D:10     | Entered Level 10 of the Dungeon
 13608 | D:10     | Noticed Erolcha
 13618 | D:10     | Killed Erolcha
 13767 | D:10     | Reached skill level 12 in Fighting
 14160 | D:11     | Noticed a boulder beetle
 14194 | D:10     | Killed a boulder beetle
 14445 | D:11     | Noticed a purple ugly thing
 14456 | D:11     | Killed a purple ugly thing
 14496 | D:11     | Noticed a boulder beetle
 14583 | Lair:1   | Entered Level 1 of the Lair of Beasts
 14771 | Lair:1   | Noticed a death yak
 14773 | Lair:1   | Noticed a death yak
 14779 | Lair:1   | Noticed a death yak
 14782 | Lair:1   | Noticed a death yak
 14784 | Lair:1   | Killed a death yak
 14785 | Lair:1   | Reached XP level 12. HP: 98/113 MP: 17/17
 14785 | Lair:1   | Noticed a death yak
 14790 | Lair:1   | Noticed a death yak
 14801 | Lair:1   | Killed a death yak
 14841 | Lair:1   | HP: 4/113 [komodo dragon (5)]
 14847 | Lair:1   | Elyvilon protects you from harm!
 14847 | Lair:1   | HP: 5/113 [death yak (11)]
 14848 | Lair:1   | HP: 2/113 [death yak (10)]
 14849 | Lair:1   | Demolished by a death yak

Illustrated notes

Levels and vault maps discovered:
D:1:      dpeg_arrival_three_same_balls, layout_rooms, columned_hall_lemuel,
          minmay_misc_feat_cross
D:2:      layout_basic
D:3:      layout_basic, overflow_temple_1_default,
          nicolae_overflow_hidden_temple, general_overflow_altar,
          mainiacjoe_overflow_surrounded_room, marbit_many_paths,
          shapermc_ecumenical_altar_ellora, corexii_corridor_pit
D:4:      layout_basic, uniq_eustachio
D:5:      layout_basic, lemuel_crystal_altar, led_sif_pool
D:6:      layout_loops_corners, grunt_gozag_statues, minmay_temple_entry_ruins,
          sword_in_stone
D:7:      layout_cave_pods, serial_shops, nicolae_shop_bloodbath_and_beyond,
          nicolae_ossuary_entry_catacombs, biasface_ghost_orc_armoury,
          glass_columns_a, uniq_maurice
D:8:      layout_gridville, mainiacjoe_overflow_six_doors_small,
          chequers_decorated_corner, chequers_serial_rivers_micro_e,
          uniq_gastronok, uniq_maggie
D:9:      layout_roguey, mainiacjoe_overflow_large_starburst,
          due_lair_maze_entry_diamond, serial_shops, shop,
          nicolae_shop_gibbet_a_chance, shop, nicolae_shop_waterfront, shop,
          nicolae_shop_self_help
D:10:     layout_loops_ring, uniq_erolcha
D:11:     layout_basic, orc_0_dummy
Lair:1:   layout_cave_pods, chequers_serial_rivers_marsh, lemuel_fruit_tree

Skill      XL: |  1  2  3  4  5  6  7  8  9 10 11 12 |
---------------+-------------------------------------+-----
Fighting       | 4 5 6 7 8 9 11 12 | 12.6
Maces & Flails | 3 4 5 6 7 8 |  8.5
Armour         | 4 5 6 7 8 |  8.7
Shields        | 4 5 6 7 8 |  8.7
Axes           | 1 2 3 5 6 7 9 |  9.2
Invocations    | 3 5 6 7 8 |  8.0
Shapeshifting  | 1 2 3 |  3.1

Action                     |  1- 3 |  4- 6 |  7- 9 | 10-12 || total
---------------------------+-------+-------+-------+-------++-------
  Melee: Flail             |   104 |    61 |   261 |   259 ||   685
         War axe           |       |    23 |    48 |   167 ||   238
         Hand axe          |       |       |       |    13 ||    13
         Mace              |       |       |       |    11 ||    11
  Throw: Stone             |     9 |       |       |       ||     9
 Invoke: Purification      |       |       |       |     5 ||     5
         Heal Self         |       |       |       |    11 ||    11
    Use: Potion            |       |     1 |     7 |    12 ||    20
         Scroll            |       |       |    17 |     5 ||    22
   Stab: Invisible         |       |       |     2 |       ||     2
 Armour: Scale mail        |    60 |       |       |       ||    60
         Chain mail        |    10 |    69 |   243 |   353 ||   675
         Plate armour      |       |       |       |   111 ||   111
  Dodge: Dodged            |    44 |    37 |    97 |   158 ||   336
  Block: Buckler           |    14 |    20 |    76 |   138 ||   248

Table legend: (Time is in decaauts)
 A = Elapsed time spent in this place.
 B = Non-inter-level travel time spent in this place.
 C = Inter-level travel time spent in this place.
 D = Time resting spent in this place.
 E = Time spent auto-exploring this place.
 F = Levels seen in this place.
 G = Mean time per level.
                   A        B        C        D        E       F      G
               +--------+--------+--------+--------+--------+-----+--------+
         Total |  14918 |  13979 |    939 |   4072 |   6662 |  13 | 1147.5 |
       Dungeon |  14500 |  13561 |    939 |   3964 |   6642 |  11 | 1318.2 |
          Lair |    108 |    108 |      0 |      0 |     20 |   1 |  108.0 |
       Ossuary |    308 |    308 |      0 |    108 |      0 |   1 |  308.0 |
               +--------+--------+--------+--------+--------+-----+--------+

Top non-repeatable levels by time:
     D:6: 2169 daAuts
     D:7: 2130 daAuts
     D:9: 2081 daAuts
    D:10: 1492 daAuts
     D:8: 1385 daAuts
     D:5: 1384 daAuts
     D:4: 1135 daAuts
     D:2: 1042 daAuts
     D:3: 842 daAuts
     D:1: 665 daAuts
 Ossuary: 308 daAuts
    D:11: 171 daAuts
  Lair:1: 108 daAuts
